 Dungeon Crawl Stone Soup version 0.28-a0-312-gbced6e68ee (webtiles) character file.

Game seed: 1913041601639241577

475 Dirtsage the Stinger (level 7, -7/43 HPs)
             Began as an Octopode Transmuter on Aug 30, 2021.
             Mangled by an ogre (20 damage)
             ... on level 4 of the Dungeon.
             The game lasted 00:12:24 (5152 turns).

Dirtsage the Stinger (Octopode Transmuter)          Turns: 5152, Time: 00:12:24

Health: -7/43      AC:  2    Str: 11    XL:     7   Next: 10%
Magic:  5/8        EV: 19    Int: 13    God:
Gold:   174        SH:  0    Dex: 20    Spells: 4/10 levels left

rFire   . . .      SeeInvis .     - Unarmed
rCold   . . .      Faith    .   (shield currently unavailable)
rNeg    . . .      Spirit   .   (helmet currently unavailable)
rPois   x          Reflect  .   (no amulet)
rElec   .          Harm     .   (no ring)
rCorr   .          Rampage  .   (no ring)
Will    .....      Rnd*Rage +   (no ring)
Stlth   ++........              (no ring)
HPRegen 0.14/turn               (no ring)
MPRegen 0.11/turn               (no ring)
                                (no ring)
                                (no ring)

@: spider-form
A: venomous fangs, almost no armour, (amphibious), 8 rings, tiny, (camouflage
1), (gelatinous body 1), (nimble swimmer 1), (tentacles), agile 1, berserk 2,
dopey 1, low mp 2
a: End Transformation


You were on level 4 of the Dungeon.
You were a venomous arachnid creature.
You visited 1 branch of the dungeon, and saw 5 of its levels.
You also visited: Sewer.

You collected 174 gold pieces.


Innate Abilities, Weirdness & Mutations

You are a venomous arachnid creature.
You have poisonous fangs.
You are tiny and dextrous.
Your spellcasting is less reliable in this form.
Your armour is entirely melded.
You are incapable of wielding weapons or throwing items.
You cannot wear most types of armour.
((You are amphibious.))
You can wear up to eight rings at the same time.
((Your skin changes colour to match your surroundings (Stealth+).))
((Your rubbery body absorbs attacks. (AC +1, EV +1)))
((You are camouflaged near water. (Stealth+)))
((You have tentacles for arms and can constrict up to eight enemies at once.))
You are agile. (Dex +2)
You often lose your temper in combat.
You are dopey. (Int -2)
Your magical capacity is very low. (-20% MP)


   Skills:
 + Level 1.3 Fighting
 - Level 2.0 Dodging
 + Level 3.1 Unarmed Combat
 - Level 2.0 Spellcasting
 * Level 5.3 Transmutations
 - Level 5.7 Poison Magic


You had 4 spell levels left.
You knew the following spells:

 Your Spells              Type           Power      Damage    Failure   Level
b - Beastly Appendage     Tmut           30%        N/A       10%         1
s - Spider Form           Tmut/Pois      7%         N/A       21%         3
w - Wereblood             Tmut           15%        N/A       13%         2

Your spell library contained the following spells:

 Spells                   Type           Power      Damage    Failure   Level
 Apportation              Tloc           2%         N/A       47%         1
 Foxfire                  Conj/Fire      4%         2x1d4     47%         1
 Conjure Flame            Conj/Fire      1%         6-21      78%         3
 Inner Flame              Hex/Fire       1%         N/A       78%         3
 Ice Form                 Ice/Tmut       8%         N/A       83%         4
 Alistair's Intoxication  Tmut/Pois      10%        N/A       78%         5
 Invisibility             Hex            0%         N/A       100%        6

Inventory:

Missiles
 d - 141 stones
Jewellery
 C - a ring of ice
Scrolls
 a - a scroll of enchant weapon
 b - 2 scrolls of teleportation {@r2}
 g - a scroll of noise {unknown}
 l - a scroll of fog
Potions
 f - 2 potions of might {unknown}
 h - a potion of attraction {unknown}
 i - a potion of heal wounds {@q2}
 j - 2 potions of brilliance {unknown}
 k - a potion of haste {unknown}

Dungeon Overview and Level Annotations

Branches:
Dungeon (5/15)              Sewer (visited)
 Temple: D:4-7

Altars:
Kikubaaqudgha
Uskayaw

Annotations:
D:2 exclusion: ogre

#..........[...
##..............
#...............
##...............
#................
##))#............#
##.S.#...........##
#O..##..........###
#.s.##..........# #
......(.########..####
# ........#######...#
# .................##
## .......#########..#
#. ......# ##.## ##.
.....# #..###.. ....#
##..##.. ##..#..


You could see an ogre (very poisoned) and a ball python.


Message History

The scorpion zombie hits you.
* * * LOW HITPOINT WARNING * * *
You tentacle-slap the scorpion zombie but do no damage.
The scorpion zombie is severely damaged.
You constrict the scorpion zombie, but do no damage.
The scorpion zombie hits you.
* * * LOW HITPOINT WARNING * * *
You tentacle-slap the scorpion zombie.
The scorpion zombie is severely damaged.
You constrict the scorpion zombie. The scorpion zombie barely misses you.
You completely miss the scorpion zombie.
You squeeze the scorpion zombie.
The scorpion zombie is almost destroyed.
You constrict the scorpion zombie.
You destroy the scorpion zombie!
You start resting.
HP restored.
Casting: Wereblood (safe; 4% risk of failure)
Confirm with . or Enter, or press ? or * to list all spells.
You turn into a venomous arachnid creature.
You climb upwards.
The ogre completely misses you.
There is a stone staircase leading down here.
You barely miss the ogre.
The ogre hits you with a +0 giant spiked club!!
Ouch! That really hurt!
* * * LOW HITPOINT WARNING * * *
You hit the ogre.
The ogre is poisoned.
The ogre is lightly wounded.
The ogre hits you with a +0 giant spiked club!!
You die...

Skill      XL: |  1  2  3  4  5  6 |
---------------+-------------------+-----
Transmutations | 3 4 5 |  5.3
Poison Magic   | 1 2 4 5 |  5.7
Fighting       | |  1.3
Dodging        | |  2.0
Unarmed Combat | |  3.1
Spellcasting   | |  2.0

Action                   |  1- 3 |  4- 6 |  7- 9 || total
-------------------------+-------+-------+-------++-------
Melee: Unarmed           |    91 |   159 |    16 ||   266
       Constrict         |    18 |    36 |     1 ||    55
       Tentacles         |    14 |    24 |     3 ||    41
       Punch             |     2 |     3 |       ||     5
       Kick              |     2 |    23 |       ||    25
 Cast: Beastly Appendage |     5 |    14 |       ||    19
       Wereblood         |     1 |     7 |       ||     8
       Spider Form       |       |     2 |     1 ||     3
  Use: Scroll            |       |     6 |       ||     6
       Potion            |       |     2 |       ||     2
 Stab: Sleeping          |     8 |     7 |       ||    15
Armor: Skin              |    12 |    10 |       ||    22
Dodge: Dodged            |    56 |   100 |     7 ||   163

Levels and vault maps discovered:
D:1:      doesnt_arrival_eight_statues, layout_basic
D:2:      layout_basic, basic_ecumenical_altar
D:3:      layout_rooms, mainiacjoe_overflow_divided_tiny,
          cheibrodos_sewer_entry_drain
D:4:      layout_cave_pods, uniq_grinder
D:5:      layout_rooms, grunt_decor_mini_mirrors, minivault_14, uniq_eustachio

Notes
Turn   | Place    | Note
-------+----------+-------------------------------------------
     0 | D:1      | Dirtsage the Octopode Transmuter began the quest for the
                  | Orb.
     0 | D:1      | Reached XP level 1. HP: 13/13 MP: 3/3
   276 | D:1      | Reached XP level 2. HP: 15/18 MP: 5/5
   279 | D:1      | Learned a level 2 spell: Wereblood
   655 | D:1      | Reached skill level 3 in Transmutations
  1223 | D:1      | Reached XP level 3. HP: 13/23 MP: 6/6
  1722 | D:2      | Noticed an ogre
  2051 | D:2      | Learned a level 3 spell: Spider Form
  2475 | D:2      | Reached skill level 1 in Poison Magic
  2491 | D:2      | Reached XP level 4. HP: 23/28 MP: 7/7
  2677 | D:2      | Reached skill level 4 in Transmutations
  2684 | D:2      | Gained mutation: You have hidden genetic defects. [potion
                  | of mutation]
  2684 | D:2      | Gained mutation: Your magical capacity is low. (-10% MP)
                  | [potion of mutation]
  2684 | D:2      | Gained mutation: You have terrible hidden genetic defects.
                  | [potion of mutation]
  2684 | D:2      | Gained mutation: You are agile. (Dex +2) [potion of
                  | mutation]
  2698 | D:2      | Reached skill level 2 in Poison Magic
  2702 | D:2      | Gained mutation: You tend to lose your temper in combat.
                  | [hidden defects]
  2846 | D:2      | Found a faded altar of an unknown god.
  3291 | D:3      | Gained mutation: Your magical capacity is very low. (-20%
                  | MP) [hidden defects]
  3291 | D:3      | Lost mutation: You have terrible hidden genetic defects.
                  | [hidden defects expressed]
  3491 | D:3      | Found a hide-covered altar of Uskayaw.
  3492 | D:3      | Found an ancient bone altar of Kikubaaqudgha.
  3567 | D:3      | Found a glowing drain.
  3582 | D:3      | Reached XP level 5. HP: 26/33 MP: 6/6
  3583 | Sewer    | Entered a sewer
  3593 | Sewer    | Reached skill level 3 in Poison Magic
  3623 | Sewer    | Gained mutation: You often lose your temper in combat.
                  | [hidden defects]
  3750 | Sewer    | Gained mutation: You are dopey. (Int -2) [hidden defects]
  3750 | Sewer    | Lost mutation: You have hidden genetic defects. [hidden
                  | defects expressed]
  4217 | Sewer    | Reached skill level 4 in Poison Magic
  4297 | Sewer    | Reached XP level 6. HP: 26/38 MP: 4/7
  4299 | Sewer    | Reached skill level 5 in Poison Magic
  4636 | D:2      | Reached skill level 5 in Transmutations
  4848 | D:4      | Reached XP level 7. HP: 26/43 MP: 3/8
  4866 | D:5      | Entered Level 5 of the Dungeon
  5152 | D:4      | Mangled by an ogre

Vanquished Creatures
  An ogre (D:2)
  2 bullfrogs (Sewer)
  An orc wizard (D:2)
  A scorpion zombie (D:5)
  A hound skeleton (D:4)
  3 gnolls (D:4)
  6 adders
  An ufetubus (D:2)
  A worm (D:3)
  3 dart slugs
  3 orcs (D:2)
  5 bats
  18 endoplasms
  11 giant cockroaches
  2 goblins
  7 hobgoblins
  4 kobolds
  8 quokkas
  17 ball pythons
  13 frilled lizards
  2 rats
110 creatures vanquished.

Table legend: (Time is in decaauts)
 A = Elapsed time spent in this place.
 B = Non-inter-level travel time spent in this place.
 C = Inter-level travel time spent in this place.
 D = Time resting spent in this place.
 E = Time spent auto-exploring this place.
 F = Levels seen in this place.
 G = Mean time per level.
                   A        B        C        D        E       F      G
               +--------+--------+--------+--------+--------+-----+--------+
         Total |   5151 |   4979 |    172 |    284 |   3906 |   6 |  858.5 |
       Dungeon |   4246 |   4074 |    172 |    284 |   3230 |   5 |  849.2 |
         Sewer |    904 |    904 |      0 |      0 |    676 |   1 |  904.0 |
               +--------+--------+--------+--------+--------+-----+--------+

Top non-repeatable levels by time:
     D:1: 1689 daAuts
     D:2: 1499 daAuts
   Sewer: 904 daAuts
     D:3: 600 daAuts
     D:5: 298 daAuts
     D:4: 159 daAuts

Table legend:
 A = Non-vault XP
 B = Vault XP
 C = Vault XP percentage of total XP
 D = Non-vault monster count
 E = Vault monster count
 F = Vault count percentage of total count
                 A         B        C        D         E       F
            +---------+---------+-------+---------+---------+-------
      Total |     375 |     304 |  44.8 |      56 |      54 |  49.1
            +---------+---------+-------+---------+---------+-------
        D:1 |      39 |       0 |   0.0 |      21 |       0 |   0.0
        D:2 |     216 |       0 |   0.0 |      16 |       0 |   0.0
        D:3 |      21 |       7 |  25.0 |      11 |       4 |  26.7
        D:4 |      65 |       0 |   0.0 |       7 |       0 |   0.0
        D:5 |      34 |       0 |   0.0 |       1 |       0 |   0.0
      Sewer |       0 |     297 | 100.0 |       0 |      50 | 100.0
            +---------+---------+-------+---------+---------+-------
